AoeStats
← Dragma

Lombardia

508485709Analyzed
4v4 RM · 9d ago on Sep 22, 2026· 71m 56s· 8 players
Game mode
Random Map
Map size
Large (8 player)
Population
200
Speed
Normal
Resources
Standard
Victory
Conquest
Starting age
Dark Age
Ending age
Imperial Age
RankedLock teamsTeams togetherTeam positionsShared explorationLock speedFull tech treeHidden civsTurbo modeCheats
Victory
Defeat
🇫🇷 Hindustanis · France
934
+33
🇫🇷 Vikings · France
796
+47
🇫🇷 Japanese · France
787
+25
🇫🇷 Spanish · France
735
+19
🇹🇷 Khmer · Türkiye
867
-18
🇬🇧 Varangians · United Kingdom
838
-17
🇦🇹 Romans · Austria
820
-16
🇩🇪 Burgundians · Germany
816
-16
gazza17
5:07 Loom
10:38 Feudal Age
16:06 Castle Age
14:13 Double-Bit Axe
16:16 Scale Barding Armor
16:22 Forging
17:13 Horse Collar
24:20 Gold Mining
25:09 Bow Saw
27:47 Wheelbarrow
30:12 Chain Barding Armor
30:28 Iron Casting
31:57 Hand Cart
32:16 Heavy Plow
32:19 Stone Mining
33:21 Caravan
33:38 Husbandry
33:48 Bloodlines
39:54 Imperial Age
37:09 Town Watch
41:42 Plate Barding Armor
42:08 Blast Furnace
40:32 Cavalier
43:34 Conscription
44:34 Fletching
60:36 Padded Archer Armor
61:25 Scale Mail Armor
63:12 Pikeman
64:12 Chain Mail Armor
66:34 Halberdier
67:14 Squires
67:50 Plate Mail Armor
Lucien
11:54 Feudal Age
12:26 Double-Bit Axe
17:30 Castle Age
19:14 Bow Saw
20:04 Husbandry
21:24 Horse Collar
26:56 Ballistics
27:52 Gold Mining
27:55 Stone Mining
29:17 Bloodlines
29:21 Caravan
30:12 Heavy Plow
34:39 Imperial Age
34:34 Wheelbarrow
36:03 Gold Shaft Mining
36:03 Stone Shaft Mining
36:17 Hand Cart
35:25 Elite Battle Elephant
37:26 Chemistry
39:24 Scale Barding Armor
39:30 Forging
39:22 Scale Mail Armor
40:12 Double Crossbow
40:32 Conscription
40:40 Conscription
40:22 Tusk Swords
40:33 Heavy Scorpion
42:16 Chain Barding Armor
42:31 Iron Casting
42:12 Chain Mail Armor
42:42 Crop Rotation
46:55 Plate Barding Armor
47:21 Blast Furnace
46:12 Fletching
46:22 Padded Archer Armor
45:46 Elite Ballista Elephant
57:13 Bodkin Arrow
57:33 Leather Archer Armor
59:30 Bracer
60:01 Ring Archer Armor
61:38 Pikeman
63:59 Halberdier
Haudinida
0:32 Loom
11:13 Feudal Age
9:54 Double-Bit Axe
10:45 Horse Collar
12:04 Bow Saw
13:52 Wheelbarrow
16:24 Gold Mining
16:26 Town Watch
22:05 Castle Age
20:14 Heavy Plow
20:14 Stone Mining
24:11 Hand Cart
27:34 Treadmill Crane
28:16 Fletching
31:18 Imperial Age
30:19 Crop Rotation
30:51 Two-Man Saw
30:32 Gold Shaft Mining
30:35 Stone Shaft Mining
30:06 Scale Mail Armor
29:42 Pikeman
30:57 Masonry
30:59 Fortified Wall
31:58 Halberdier
32:38 Squires
32:24 Arson
34:21 Conscription
33:38 Elite Skirmisher
36:36 Chemistry
35:57 Ballistics
35:34 Murder Holes
35:55 Forging
36:48 Caravan
37:11 Town Patrol
37:12 Bodkin Arrow
37:52 Iron Casting
37:33 Chain Mail Armor
37:20 Padded Archer Armor
37:50 Husbandry
38:00 Scale Barding Armor
39:58 Architecture
40:33 Blast Furnace
39:34 Bracer
40:13 Hoardings
43:03 Burgundian Vineyards
47:28 Elite Coustillier
55:02 Chain Barding Armor
55:14 Plate Mail Armor
55:00 Leather Archer Armor
Archimedes420
3:18 Loom
10:02 Feudal Age
10:33 Double-Bit Axe
10:30 Horse Collar
18:04 Castle Age
21:10 Bow Saw
21:41 Heavy Plow
21:53 Stone Mining
22:13 Gold Mining
22:45 Town Watch
24:23 Wheelbarrow
25:37 Gold Shaft Mining
27:31 Squires
26:52 Pikeman
26:54 Man-at-Arms
29:32 Hand Cart
30:04 Forging
29:54 Scale Mail Armor
30:00 Scale Barding Armor
32:35 Imperial Age
30:43 Town Patrol
34:18 Crop Rotation
34:04 Fortified Wall
34:21 Caravan
35:04 Iron Casting
34:45 Chain Mail Armor
34:51 Chain Barding Armor
34:23 Fletching
33:58 Long Swordsman
34:04 Halberdier
34:59 Masonry
35:50 Conscription
35:54 Ballistics
36:34 Chemistry
36:46 Blast Furnace
37:38 Elite Centurion
40:14 Comitatenses
42:43 Legionary
50:42 Plate Barding Armor
60:15 Architecture
59:41 Murder Holes
66:37 Husbandry
66:50 Bloodlines
Tibou
9:19 Loom
11:05 Feudal Age
15:40 Castle Age
14:34 Double-Bit Axe
14:47 Horse Collar
24:08 Heavy Plow
24:33 Bow Saw
25:34 Wheelbarrow
27:05 Padded Archer Armor
27:10 Husbandry
27:21 Bloodlines
28:29 Hand Cart
28:00 Town Watch
29:45 Leather Archer Armor
30:35 Caravan
30:43 Gold Mining
30:44 Stone Mining
36:16 Imperial Age
35:37 Stone Shaft Mining
36:15 Town Patrol
36:42 Elite Conquistador
36:58 Capped Ram
39:51 Chemistry
41:14 Siege Ram
41:26 Cavalier
44:22 Paladin
50:47 Scale Barding Armor
50:54 Forging
53:06 Two-Man Saw
52:33 Chain Barding Armor
52:45 Ring Archer Armor
52:37 Ballistics
52:13 Murder Holes
52:29 Fortified Wall
52:21 Pikeman
53:02 Squires
55:09 Iron Casting
55:10 Plate Barding Armor
66:00 Blast Furnace
Emi578
11:51 Feudal Age
16:10 Gold Mining
18:06 Wheelbarrow
17:53 Double-Bit Axe
25:29 Stone Mining
29:34 Padded Archer Armor
29:25 Fletching
29:49 Forging
29:40 Scale Mail Armor
29:52 Scale Barding Armor
34:07 Castle Age
34:19 Bloodlines
35:44 Hand Cart
36:05 Bodkin Arrow
36:26 Leather Archer Armor
39:32 Murder Holes
39:51 Pikeman
42:30 Grand Trunk Road
44:12 Ballistics
43:43 Guard Tower
43:47 Crossbowman
44:44 Thumb Ring
46:03 Iron Casting
47:17 Caravan
48:32 Husbandry
50:25 Chain Mail Armor
50:02 Horse Collar
50:53 Squires
51:16 Fortified Wall
54:32 Chain Barding Armor
60:00 Heavy Plow
69:06 Imperial Age
70:27 Hoardings
Dragma
11:16 Feudal Age
11:55 Double-Bit Axe
11:53 Horse Collar
14:59 Loom
15:39 Fletching
16:40 Padded Archer Armor
17:05 Gold Mining
21:41 Castle Age
23:52 Caravan
25:18 Pikeman
27:28 Heavy Plow
28:05 Wheelbarrow
27:34 Gambesons
27:49 Squires
29:10 Bow Saw
30:01 Squires
31:33 Hand Cart
33:13 Stone Mining
35:44 Forging
35:35 Scale Mail Armor
35:31 Bodkin Arrow
35:52 Leather Archer Armor
37:36 Thumb Ring
39:13 Iron Casting
38:54 Chain Mail Armor
42:26 Imperial Age
43:15 Squires
43:00 Gambesons
45:25 Kataparuto
45:26 Conscription
44:27 Elite Samurai
45:31 Kataparuto
45:32 Conscription
46:00 Halberdier
46:27 Arson
51:14 Blast Furnace
50:47 Plate Mail Armor
50:18 Bracer
52:14 Parthian Tactics
54:01 Heavy Cavalry Archer
55:44 Treadmill Crane
57:05 Chemistry
56:25 Ballistics
56:02 Murder Holes
60:39 Arrowslits
61:01 Siege Engineers
68:41 Ring Archer Armor
69:30 Town Watch
Wolfy
12:16 Feudal Age
12:50 Double-Bit Axe
12:55 Horse Collar
18:40 Castle Age
17:32 Gold Mining
17:46 Stone Mining
21:54 Pikeman
22:35 Squires
23:19 Gold Shaft Mining
25:21 Scale Mail Armor
25:13 Fletching
25:23 Padded Archer Armor
25:33 Forging
28:29 Heavy Plow
31:40 Caravan
35:44 Imperial Age
34:10 Bow Saw
34:25 Chain Mail Armor
34:25 Leather Archer Armor
34:21 Forging
36:44 Chieftains
37:06 Conscription
37:23 Hoardings
36:26 Crossbowman
37:51 Elite Skirmisher
37:52 Arbalester
39:39 Iron Casting
42:34 Blast Furnace
41:30 Bodkin Arrow
42:06 Plate Mail Armor
42:07 Ring Archer Armor
41:37 Murder Holes
42:03 Ballistics
41:51 Siege Engineers
41:57 Masonry
41:32 Treadmill Crane
42:23 Bogsveigar
44:34 Elite Berserk
65:06 Bracer
66:01 Elite Varangian Guard
Connection lost

Rejoining the realm…

Still unreachable

The connection could not be restored.

Session expired

The server has moved on; the page needs a fresh start.